 Dungeon Crawl Stone Soup version 0.32-a0-314-g526f7d4993 (webtiles) character file.

Game seed: 5856991561490790184

555 Strat the Ruffian (level 7, 32/52 HPs)
             Began as a Yellow Draconian Shapeshifter on Feb 15, 2024.
             Quit the game on level 4 of the Dungeon.
             The game lasted 00:07:01 (3892 turns).

Strat the Ruffian (Yellow Draconian Shapeshifter)   Turns: 3892, Time: 00:07:02

Health: 32/52      AC:  6    Str: 18    XL:     7   Next: 8%
Magic:  7/7        EV: 11    Int: 11    God:
Gold:   129        SH:  3    Dex: 10    Spells: 6/6 levels left

rFire   . .          .
                       - Unarmed
rCold   . . .        j - +0 buckler
rNeg    . . .        (body armour unavailable)
rPois   .            u - melded +0 hat {SInv}
rElec   .            t - melded +1 cloak
rCorr   +            (gloves currently unavailable)
SInv    .            m - melded +0 pair of boots
Will    .....        (no amulet)
Stlth   +            (no ring)
HPRegen 0.28/turn    (no ring)
MPRegen 0.10/turn

%: no passive effects
@: beast-form
A: beast (slay +2), spit acid, AC +6, unfitting armour, cold-blooded, acid
resistance
a: Breathe Acid, Begin Untransformation


You were on level 4 of the Dungeon.
You were a hulking beast.
You visited 1 branch of the dungeon, and saw 4 of its levels.

You collected 129 gold pieces.

Inventory:

Missiles
 p - 6 poisoned darts (quivered)
Armour
 j - a +0 buckler (worn)
 m - a +0 pair of boots (melded)
 t - a +1 cloak (melded)
 u - a +0 hat of see invisible (melded)
Talismans
 b - a beast talisman (active)
 c - a flux talisman
 l - a granite talisman
Wands
 s - a wand of quicksilver (5)
Scrolls
 h - a scroll of teleportation
 n - a scroll of amnesia
 o - 2 scrolls of fog
Potions
 a - 3 potions of lignification
 d - 2 potions of mutation {unknown}
 e - 4 potions of haste
 f - a potion of magic {unknown}
 g - a potion of attraction {unknown}
 i - a potion of invisibility {unknown}
 k - a potion of berserk rage {unknown}
 q - 2 potions of ambrosia {unknown}
 r - a potion of resistance {unknown}
 v - a potion of might {unknown}


   Skills:
 - Level 1.1 Fighting
 - Level 1.7 Dodging
 * Level 6.8 Unarmed Combat
 + Level 5.0 Shapeshifting


You had 6 spell levels left.
You didn't know any spells.
Your spell library contained the following spells:

 Spells                   Type           Power      Damage    Failure   Level
 Dazzling Flash           Conj/Hex       0%         N/A       80%         3
 Frozen Ramparts          Ice            0%         1d1       80%         3
 Volatile Blastmotes      Fire/Tloc      0%         2d10      80%         3
 Leda's Liquefaction      Alch/Erth      0%         N/A       99%         4
 Petrify                  Alch/Erth      0%         N/A       99%         4
 Metabolic Englaciation   Hex/Ice        0%         N/A       100%        5
 Starburst                Conj/Fire      0%         6d3       100%        6
 Maxwell's Capacitive Co  Air            0%         ∞         100%        8


Dungeon Overview and Level Annotations

Branches:
Dungeon (4/15)
 Temple: D:4-7

Altars:

Annotations:
D:4 Robin


Innate Abilities, Weirdness & Mutations

You are a hulking beast.
Your limbs bulge with bestial killing power. (Slay +2)
You can spit globs of acid.
Your golden yellow scales are hard. (AC +6)
You cannot fit into any form of body armour.
You are cold-blooded and may be slowed by cold attacks.
You are resistant to acid. (rCorr)


Message History

You punch the gnoll bouda! You tail-slap the gnoll bouda.
The gnoll bouda is severely wounded.
A gnoll comes into view. It is wielding a +0 whip.
The gnoll bouda closely misses you.
You hit the gnoll bouda.
The gnoll bouda is almost dead.
The gnoll bouda hits you with a +0 club!
You hit the gnoll bouda but do no damage.
The gnoll bouda is almost dead.
The gnoll bouda barely misses you.
You barely miss the gnoll bouda.
Your tail-slap misses the gnoll bouda.
The gnoll bouda is almost dead.
The gnoll is no longer moving quickly.
You closely miss the gnoll bouda.
The gnoll bouda is almost dead.
The gnoll bouda barks out a call to the hunt!
The gnoll picks up the pace!
You barely miss the gnoll bouda.
You tail-slap the gnoll bouda, but do no damage.
The gnoll bouda is almost dead.
The gnoll bouda hits you with a +0 club.
You barely miss the gnoll bouda.
The gnoll bouda is almost dead.
The gnoll bouda hits you with a +0 club.
* * * LOW HITPOINT WARNING * * *
Aiming: Quicksilver Bolt
Press: ? - help, Shift-Dir - straight line, f - gnoll
Aim: a gnoll, wielding a +0 whip (covering ground quickly, 75% to hit)
The bolt of dispelling energy hits the gnoll bouda!
You kill the gnoll bouda!
The bolt of dispelling energy hits the gnoll!
You kill the gnoll!
The bolt of dispelling energy hits the gnoll!
You kill the gnoll!
Your Shapeshifting skill increases to level 5!
You have reached level 7!
Your scales start taking on a golden yellow colour.
You can spit globs of acid.
You feel resistant to acid.
Are you sure you want to abandon this character and quit the game? (Confirm with "yes".)

,* *,* #......##.### ,***,*
#......##.# ,,,,,* #####
#......##.# # ,*****
#...###.........# # ,*
#.#......#.#.#### # ,*
#...###.##<#.# # ,* ##.##
#.##.#.# # ,* #.# #......# # ,*
#h# ###...## # ,##### ###)#
##.....## # .,..[#
##.#g####.......## #
..##.########...$.##.........####
.........g.........'.........'...
..#..#.######.....##.........####
.*#..#.# #.....###.......## #
**#..#.# #...÷.# ##.....## #..#.#
###.### ##...##


You could see a gnoll (swift).

Vanquished Creatures
  Menkaure (D:4)
  A kobold brigand (D:3)
  A howler monkey (D:4)
  A gnoll bouda (D:4)
  A hound (D:4)
  A sleepcap (D:4)
  5 gnolls (D:4)
  5 adders
  2 dart slugs
  6 bats
  5 endoplasms
  2 giant cockroaches (D:3)
  15 goblins
  8 hobgoblins
  4 jackals (D:2)
  8 kobolds
  2 quokkas (D:1)
  8 ball pythons
  3 frilled lizards
  4 rats
83 creatures vanquished.

Notes
Turn   | Place    | Note
-------+----------+-------------------------------------------
     0 | D:1      | Strat the Draconian Shapeshifter began the quest for the
                  | Orb.
     0 | D:1      | Reached XP level 1. HP: 16/16 MP: 1/1
   161 | D:1      | Reached XP level 2. HP: 23/23 MP: 2/2
   265 | D:1      | Reached XP level 3. HP: 28/28 MP: 3/3
   401 | D:1      | Reached skill level 4 in Unarmed Combat
  1087 | D:2      | Reached XP level 4. HP: 24/35 MP: 4/4
  1904 | D:3      | Noticed a kobold brigand
  2023 | D:3      | Reached skill level 5 in Unarmed Combat
  2023 | D:3      | Reached XP level 5. HP: 34/40 MP: 5/5
  2997 | D:3      | Reached XP level 6. HP: 12/47 MP: 6/6
  3408 | D:4      | Noticed Robin
  3478 | D:4      | Reached skill level 6 in Unarmed Combat
  3682 | D:4      | Noticed Menkaure
  3771 | D:4      | Killed Menkaure
  3892 | D:4      | Reached skill level 5 in Shapeshifting
  3892 | D:4      | Your scales start taking on a golden yellow colour.
  3892 | D:4      | Reached XP level 7. HP: 32/52 MP: 7/7
  3892 | D:4      | Gained mutation: You are resistant to acid. (rCorr) [Yellow
                  | Draconian growth]
  3892 | D:4      | Quit the game

Illustrated notes

Levels and vault maps discovered:
D:1:      nagdon_arrival_zigzag_paths, layout_basic, serial_park_tiny_1,
          bh_walls_and_bars
D:2:      layout_basic
D:3:      layout_basic, serial_bayou_pond_d, amcnicky_mini_pool_small
D:4:      layout_loops_corners, uniq_menkaure, uniq_robin

Skill      XL: |  1  2  3  4  5  6 |
---------------+-------------------+-----
Unarmed Combat | 4 5 6 |  6.8
Shapeshifting  | 4 5 |  5.0
Fighting       | |  1.1
Dodging        | |  1.7

Action                     |  1- 3 |  4- 6 |  7- 9 || total
---------------------------+-------+-------+-------++-------
  Melee: Unarmed           |    94 |   145 |       ||   239
         Tailslap          |     6 |    13 |       ||    19
Ability: Begin Untransform |       |     3 |       ||     3
  Evoke: Wand              |       |     4 |       ||     4
    Use: Scroll            |       |     8 |       ||     8
         Potion            |       |     2 |       ||     2
   Stab: Sleeping          |       |     1 |       ||     1
 Armour: Skin              |    54 |    71 |       ||   125
  Dodge: Dodged            |    80 |    74 |       ||   154
  Block: Buckler           |     2 |    15 |       ||    17
   Form: Beast             |       |     3 |       ||     3

Table legend: (Time is in decaauts)
 A = Elapsed time spent in this place.
 B = Non-inter-level travel time spent in this place.
 C = Inter-level travel time spent in this place.
 D = Time resting spent in this place.
 E = Time spent auto-exploring this place.
 F = Levels seen in this place.
 G = Mean time per level.
                   A        B        C        D        E       F      G
               +--------+--------+--------+--------+--------+-----+--------+
         Total |   3859 |   3630 |    229 |    607 |   2092 |   4 |  964.8 |
       Dungeon |   3859 |   3630 |    229 |    607 |   2092 |   4 |  964.8 |
               +--------+--------+--------+--------+--------+-----+--------+

Top non-repeatable levels by time:
     D:4: 1175 daAuts
     D:3: 1007 daAuts
     D:2: 919 daAuts
     D:1: 757 daAuts
